 Dungeon Crawl Stone Soup version 0.29.1-2-gbd0b4ee654 (webtiles) character file.

Game seed: 15413078287774034827

6181 cdecastro the Geomancer (level 10, -11/64 HPs)
             Began as a Gargoyle Earth Elementalist on Nov 11, 2022.
             Was an Initiate of Gozag.
             Mangled by a two-headed ogre
             ... wielding a +0 dire flail
              (24 damage)
             ... on level 10 of the Dungeon.
             The game lasted 00:23:16 (10916 turns).

cdecastro the Geomancer (GrEE)                     Turns: 10916, Time: 00:23:17

Health: -11/64     AC: 12    Str: 13    XL:     10   Next: 91%
Magic:  32/33      EV: 11    Int: 23    God:    Gozag
Gold:   1059       SH:  0    Dex: 10    Spells: 19/29 levels left

rFire   . . .      SeeInvis .   a - +8 quarterstaff "Thing" {venom, rN+ Int+4}
rCold   . . .      Faith    .   (shield currently unavailable)
rNeg    + + .      Spirit   .   V - +0 robe
rPois   ∞          Reflect  .   (no helmet)
rElec   +          Harm     .   x - scarf {+Inv}
rCorr   .          Rampage  .   z - +2 pair of gloves
Will    .....                   (no boots)
Stlth   ++........              C - amulet of magic regeneration
HPRegen 0.20/turn               L - ring of magical power
MPRegen 0.63/turn               (no ring)

@: no status effects
A: sickness immunity, AC +7, negative energy resistance 1, electricity
resistance, torment resistance 1, petrification resistance
a: Renounce Religion, Evoke Invisibility, Potion Petition, Call Merchant, Bribe
Branch


You were on level 10 of the Dungeon.
You worshipped Gozag.
Gozag was most pleased with you.
You visited 2 branches of the dungeon, and saw 11 of its levels.

You collected 1149 gold pieces.
You paid 90 gold pieces to Gozag.

Inventory:

Hand Weapons
 a - the +8 quarterstaff "Thing" (weapon) {venom, rN+ Int+4}
   (You found it on level 9 of the Dungeon)

   It poisons the flesh of those it strikes.
   Int:       It affects your intelligence (+4).
   rN:        It protects you from negative energy.
Missiles
 c - 111 stones
 j - 34 poisoned darts
 w - 2 boomerangs
Armour
 p - the +1 pair of boots of the Butterfly {rPois rC++ Will- Str+2}
   (You found it on level 3 of the Dungeon)

   Str:       It affects your strength (+2).
   rC:        It greatly protects you from cold.
   rPois:     It protects you from poison.
   Will:      It decreases your willpower.
 x - a scarf of invisibility (worn)
 z - a +2 pair of gloves (worn)
 J - a +1 leather armour of poison resistance
 V - a +0 robe (worn)
Magical Staves
 R - a staff of death
Jewellery
 o - an amulet of faith
 v - an amulet of guardian spirit
 C - an amulet of magic regeneration (around neck)
 D - a ring of protection from fire
 G - a ring of ice
 L - a ring of magical power (left hand)
 S - a ring of ice
Wands
 f - a wand of flame (37)
 h - a wand of mindburst (7)
 Q - a wand of acid (3)
 U - a wand of polymorph (10)
 X - a wand of charming (5)
 Y - a wand of roots (8)
Scrolls
 i - 3 scrolls of amnesia {unknown}
 k - 2 scrolls of immolation {unknown}
 n - 9 scrolls of teleportation
 r - a scroll of silence {unknown}
 u - a scroll of vulnerability {unknown}
 y - a scroll of magic mapping {unknown}
 A - 4 scrolls of blinking {unknown}
 B - a scroll of butterflies {unknown}
 I - 4 scrolls of enchant armour {unknown}
 K - a scroll of summoning {unknown}
 M - a scroll of enchant weapon {unknown}
 N - 3 scrolls of poison {unknown}
 P - a scroll of acquirement {unknown}
Potions
 b - 3 potions of magic
 d - a potion of haste
 e - 6 potions of heal wounds
 g - 2 potions of invisibility {unknown}
 l - a potion of attraction {unknown}
 m - 5 potions of curing {unknown}
 q - 2 potions of mutation {unknown}
 s - 2 potions of lignification {unknown}
 t - a potion of resistance {unknown}
 E - a potion of berserk rage {unknown}
 F - a potion of flight
 H - a potion of might
 O - a potion of cancellation
 T - a potion of brilliance
 W - a potion of ambrosia {unknown}


   Skills:
 + Level 8.1 Fighting
 - Level 1.5 Dodging
 - Level 2.1 Stealth
 - Level 10.0 Spellcasting
 - Level 0.7 Transmutations
 - Level 12.0 Earth Magic


You had 19 spell levels left.
You knew the following spells:

 Your Spells              Type           Power      Damage    Failure   Level
a - Sandblast             Erth           100%       2d20      1%          1
b - Passwall              Tmut/Erth      33%        N/A       1%          2
c - Stone Arrow           Conj/Erth      78%        3d11      1%          3
d - Petrify               Tmut/Erth      40%        N/A       4%          4

Your spell library contained the following spells:

 Spells                   Type           Power      Damage    Failure   Level
 Gell's Gravitas          Tloc           11%        N/A       17%         3
 Teleport Other           Tloc           11%        N/A       17%         3
 Dispersal                Tloc           5%         N/A       100%        6


Dungeon Overview and Level Annotations

Branches:
Dungeon (10/15)            Temple (1/1) D:5            Lair (0/5) D:10
    Orc: D:9-12

Altars:
Ashenzari
Cheibriados
Dithmenos
Elyvilon
Fedhas
Gozag
Hepliaklqana
Makhleb
Nemelex Xobeh
Okawaru
Qazlal
Ru
Sif Muna
Trog
Uskayaw
Vehumet
Wu Jian
Xom
Yredelemnul
Zin
The Shining One

Shops:
D:1 (

Annotations:
D:2 1 runed translucent door, Crazy Yiuf
D:4 1 runed translucent door, exclusion: two-headed ogre, nshep25's ghost, amateur MiFi
D:5 exclusion: downstairs
D:6 exclusion: hydra
D:7 Joseph
D:8 Erica


Innate Abilities, Weirdness & Mutations

You are immune to sickness and miasma.
Your stone body is resilient. (AC +7)
You are immune to poison.
You resist negative energy. (rN+)
You are resistant to electric shocks. (rElec)
You are resistant to unholy torment.
You are immune to petrification.


Message History

You now have 1040 gold pieces (gained 13).
Things that are here:
a +0 giant club; a +0 giant club
Found a pair of gloves.
You now have 1059 gold pieces (gained 19).
Found a war axe.
Y - a wand of roots (8)
A two-headed ogre comes into view.
It is wielding a +0 dire flail and a +0 giant club.
The two-headed ogre shouts in stereo!
Things that are here:
a scroll labelled UBAWOTA DEICU; 3 stones
Aiming: Sandblast (safe; 1% risk of failure)
Press: ? - help, Q - select action, (/) - cycle Shift-Dir - straight line, f - you
Okay, then.
Aiming: Sandblast (safe; 1% risk of failure)
Press: ? - help, Q - select action, (/) - cycle Shift-Dir - straight line, f - two-headed ogre
Aim: a two-headed ogre, wielding a +0 dire flail and a +0 giant club (93% to hit)
The blast of sand hits the two-headed ogre.
The two-headed ogre is lightly wounded.
Aiming: Sandblast (safe; 1% risk of failure)
Press: ? - help, Q - select action, (/) - cycle Shift-Dir - straight line, f/p - two-headed ogre
Aim: a two-headed ogre, wielding a +0 dire flail and a +0 giant club (lightly wounded, 93% to hit)
The blast of sand hits the two-headed ogre!!
The two-headed ogre is heavily wounded.
Aiming: Sandblast (safe; 1% risk of failure)
Press: ? - help, Q - select action, (/) - cycle Shift-Dir - straight line, f/p - two-headed ogre
Aim: a two-headed ogre, wielding a +0 dire flail and a +0 giant club (heavily wounded, 93% to hit)
The blast of sand misses the two-headed ogre.
The two-headed ogre hits you with a +0 dire flail!
The two-headed ogre hits you with a +0 giant club!
Aiming: Sandblast (safe; 1% risk of failure)
Press: ? - help, Q - select action, (/) - cycle Shift-Dir - straight line, f/p - two-headed ogre
Aim: a two-headed ogre, wielding a +0 dire flail and a +0 giant club (heavily wounded, 93% to hit)
The blast of sand hits the two-headed ogre!!
The two-headed ogre is almost dead.
The two-headed ogre hits you with a +0 dire flail!!
* * * LOW HITPOINT WARNING * * *
The two-headed ogre hits you with a +0 giant club!!
You die...
Your body crumbles into a pile of gold.

#.....#
#.....#
#..!..#
#.....#
#.....#
#.....#
#....O#
#)...@#
#.[...#
#.....#
#..<..#
#.....#
#....>#
#.....#
#.....#
#.....#


You could see a two-headed ogre.

Vanquished Creatures
  A two-headed ogre (D:10)
  Psyche (D:8)
  2 hornets
  A troll (D:10)
  Prince Ribbit (D:7)
  3 yaks (D:9)
  2 wyverns
  A steam dragon (D:8)
  Eustachio (D:4)
  Menkaure (D:7)
  2 wargs (D:10)
  An acid dragon (D:10)
  A water moccasin (D:6)
  3 orc warriors
  2 ice beasts
  A black bear (D:7)
  2 ogres
  2 centaurs
  A kobold brigand (D:9)
  A bullfrog (D:8)
  Blork the orc (D:5)
  4 scorpions
  2 necrophages
  8 wights (D:6)
  4 killer bees (D:8)
  3 howler monkeys
  3 hounds
  A gnoll bouda (D:7)
  10 orc priests
  2 jellies
  2 iguanas (D:6)
  3 orc wizards
  3 gnolls (D:7)
  5 adders
  A white imp (D:6)
  3 ufetubi
  A worm (D:4)
  A dart slug (D:1)
  16 orcs
  8 endoplasms
  5 giant cockroaches
  7 goblins
  8 hobgoblins
  4 jackals
  4 quokkas
  9 ball pythons
  6 bats
  A frilled lizard (D:1)
  13 kobolds
  2 rats
170 creatures vanquished.

Vanquished Creatures (others)
  An orc (D:8)
  A plant (D:10)
2 creatures vanquished.

Grand Total: 172 creatures vanquished

Notes
Turn   | Place    | Note
-------+----------+-------------------------------------------
     0 | D:1      | cdecastro the Gargoyle Earth Elementalist began the quest
                  | for the Orb.
     0 | D:1      | Reached XP level 1. HP: 10/10 MP: 3/3
   116 | D:1      | Reached skill level 4 in Earth Magic
   415 | D:1      | Reached XP level 2. HP: 15/15 MP: 3/5
   603 | D:1      | Found Amecs's Weapon Boutique.
   749 | D:1      | Reached XP level 3. HP: 19/19 MP: 2/6
   794 | D:1      | Reached skill level 5 in Earth Magic
   941 | D:1      | Found a faded altar of an unknown god.
  1659 | D:2      | Found a runed translucent door.
  1660 | D:2      | Noticed Crazy Yiuf
  1883 | D:3      | Identified the +1 pair of boots of the Butterfly {rPois
                  | rC++ Will- Str+2}
  2097 | D:3      | Reached XP level 4. HP: 24/24 MP: 5/7
  2146 | D:3      | Reached skill level 6 in Earth Magic
  2169 | D:3      | Learned a level 2 spell: Passwall
  2195 | D:3      | Learned a level 3 spell: Stone Arrow
  2271 | D:3      | Reached XP level 5. HP: 28/28 MP: 6/8
  2436 | D:3      | Found a shimmering altar of Xom.
  2592 | D:4      | Reached skill level 7 in Earth Magic
  2775 | D:4      | Found a hide-covered altar of Uskayaw.
  2852 | D:4      | Noticed a two-headed ogre
  2870 | D:4      | Found a shadowy altar of Dithmenos.
  2874 | D:4      | Found a sacrificial altar of Ru.
  2897 | D:4      | Reached XP level 6. HP: 28/32 MP: 3/9
  2977 | D:4      | Noticed Eustachio
  2988 | D:4      | Killed Eustachio
  2989 | D:4      | Reached skill level 8 in Earth Magic
  3363 | D:4      | Reached skill level 9 in Earth Magic
  3914 | D:5      | Entered Level 5 of the Dungeon
  3917 | D:5      | Found a staircase to the Ecumenical Temple.
  3931 | Temple   | Entered the Ecumenical Temple
  4025 | Temple   | Became a worshipper of Gozag Ym Sagoz the Greedy
  4045 | D:5      | Noticed an ice beast
  4050 | D:5      | Killed an ice beast
  4051 | D:5      | Reached XP level 7. HP: 36/36 MP: 6/10
  4219 | D:5      | Noticed a hornet
  4241 | D:5      | Killed a hornet
  4242 | D:5      | Reached skill level 10 in Earth Magic
  4263 | D:4      | Identified the +4 scale mail "Awaepry" {*Slow rF++ MP+9}
  4263 | D:4      | Found a runed translucent gate.
  4264 | D:4      | Noticed nshep25's ghost (amateur MiFi)
  4589 | D:5      | Reached skill level 11 in Earth Magic
  4589 | D:5      | Reached XP level 8. HP: 41/41 MP: 8/11
  4634 | D:5      | Noticed Blork the orc
  4638 | D:5      | Killed Blork the orc
  4768 | D:5      | Found a sparkling altar of Nemelex Xobeh.
  5109 | D:6      | Reached skill level 12 in Earth Magic
  5538 | D:6      | Reached skill level 5 in Spellcasting
  5539 | D:6      | Reached XP level 9. HP: 38/45 MP: 11/17
  6117 | D:6      | Noticed an eight-headed hydra
  6570 | D:7      | Noticed Prince Ribbit
  6581 | D:7      | Killed Prince Ribbit
  6635 | D:7      | Noticed Joseph
  7143 | D:7      | Noticed Menkaure
  7154 | D:7      | Killed Menkaure
  7921 | D:8      | Noticed Erica
  7967 | D:8      | Learned a level 4 spell: Petrify
  8098 | D:8      | Noticed Psyche
  8110 | D:8      | Killed Psyche
  8111 | D:8      | Reached XP level 10. HP: 48/50 MP: 23/23
  8413 | D:8      | Reached skill level 10 in Spellcasting
  8942 | D:9      | Reached skill level 1 in Fighting
  9193 | D:9      | Identified the +8 quarterstaff "Thing" {venom, rN+ Int+4}
  9250 | D:9      | Found a radiant altar of Vehumet.
  9471 | D:9      | Reached skill level 5 in Fighting
 10005 | D:10     | Entered Level 10 of the Dungeon
 10010 | D:10     | Noticed a two-headed ogre
 10409 | D:10     | Found a staircase to the Lair.
 10710 | D:10     | Found a basalt altar of Yredelemnul.
 10747 | D:10     | Killed a two-headed ogre
 10910 | D:10     | Noticed a two-headed ogre
 10916 | D:10     | Mangled by a two-headed ogre

Illustrated notes

Levels and vault maps discovered:
D:1:      minmay_arrival_semitransparent, layout_rooms, serial_shops, shop,
          basic_ecumenical_altar
D:2:      layout_loops_ring, minmay_pentomino_pile, uniq_crazy_yiuf_cottage
D:3:      layout_loops_ring, mainiacjoe_overflow_alcove_4
D:4:      layout_cave_pods, nicolae_overflow_hidden_temple,
          biasface_ghost_orc_armoury, fountainhead, minmay_cupped,
          uniq_eustachio
D:5:      layout_rooms, lemuel_coloured_pillars_altar,
          minmay_temple_entry_statues_pillars, minmay_misc_feat_encased,
          uniq_blork_the_orc
D:6:      minmay_opposing_rooms, layout_loops_ring
D:7:      layout_loops_ring, tgw_kikubaaqudgha, ebering_ghost_rock_garden,
          uniq_prince_ribbit1, uniq_menkaure, uniq_joseph
D:8:      layout_cave_pods, uniq_erica, uniq_psyche
D:9:      layout_basic, mainiacjoe_overflow_boulevard
D:10:     layout_cross, overflow_temple_1_default, erik_lair_orcish_takeover
Temple:   nicolae_temple_great_sept

Skill      XL: |  1  2  3  4  5  6  7  8  9 10 |
---------------+-------------------------------+-----
Earth Magic    | 4 5 6 7 9 11 12 | 12.0
Spellcasting   | 5 9 10 | 10.0
Fighting       | 8 |  8.1
Dodging        | |  1.5
Stealth        | |  2.1
Transmutations | |  0.7

Action                   |  1- 3 |  4- 6 |  7- 9 | 10-12 || total
-------------------------+-------+-------+-------+-------++-------
Melee: Unarmed           |    12 |       |       |       ||    12
       Dagger            |       |     1 |       |       ||     1
       Quarterstaff      |       |       |       |     5 ||     5
       Falchion          |       |       |       |     1 ||     1
 Cast: Sandblast         |    57 |    50 |   106 |    80 ||   293
       Stone Arrow       |       |       |     7 |     4 ||    11
       Passwall          |       |       |     4 |       ||     4
  Use: Scroll            |       |       |       |     7 ||     7
Armor: Robe              |    11 |    14 |    23 |    10 ||    58
Dodge: Dodged            |    25 |    15 |    40 |    26 ||   106
